 Dungeon Crawl Stone Soup version 0.30.1-11-g7821555f0a (webtiles) character file.

Game seed: 17996779016615587305

326 Arctor the Shield-Bearer (level 6, -3/49 HPs)
             Began as a Human Fighter on Jan 12, 2024.
             Was a Follower of Okawaru.
             Shot with an arrow by a centaur (8 damage)
             ... on level 5 of the Dungeon.
             The game lasted 00:03:44 (2946 turns).

Arctor the Shield-Bearer (Human Fighter)            Turns: 2946, Time: 00:03:45

Health: -3/49      AC: 14    Str: 17 (18) XL:     6   Next: 78%
Magic:  6/6        EV:  4    Int:  7 (9)  God:    Okawaru [*.....]
Gold:   325        SH:  4    Dex: 10 (12) Spells: 5/5 levels left

rFire   . . .        a - +1 war axe
rCold   . . .        c - +0 buckler
rNeg    . . .        y - +0 plate armour
rPois   .            m - +0 helmet
rElec   .            h - +0 cloak
rCorr   .            (no gloves)
SInv    .            (no boots)
Will    .....        (no amulet) Stlth
                     (no ring)
HPRegen 0.28/turn    (no ring)
MPRegen 0.10/turn

%: no passive effects
@: no status effects
A: teleportitis 1, devolution 1
a: Renounce Religion, Heroism


You were on level 5 of the Dungeon.
You worshipped Okawaru.
Okawaru was aware of your devotion.
You visited 1 branch of the dungeon, and saw 5 of its levels.

You collected 325 gold pieces.

Inventory:

Hand Weapons
 a - a +1 war axe (weapon)
 i - a +0 shortbow
Armour
 b - a +1 scale mail
 c - a +0 buckler (worn)
 h - a +0 cloak (worn)
 m - a +0 helmet (worn)
 y - a +0 plate armour (worn)
Wands
 v - a wand of flame (22)
Scrolls
 k - a scroll of vulnerability
 l - a scroll of amnesia
 n - a scroll of magic mapping
 p - a scroll of silence
 r - 2 scrolls of blinking
Potions
 d - 2 potions of might
 e - 2 potions of brilliance
 f - a potion of heal wounds
 g - a potion of invisibility
 j - a potion of resistance
 q - a potion of cancellation
 A - 3 potions of curing {unknown}


   Skills:
 + Level 4.3 Fighting
 + Level 3.6 Axes
 + Level 0.8 Ranged Weapons
 + Level 4.2 Armour
 + Level 4.3 Shields


You had 5 spell levels left.
You didn't know any spells.
Your spell library contained the following spells:

 Spells                   Type           Power      Damage    Failure   Level
 Necrotise                Necr           0%         1d4       100%        1
 Sandblast                Erth           0%         2d4       100%        1
 Passwall                 Tmut/Erth      0%         N/A       100%        2
 Stone Arrow              Conj/Erth      0%         3d7       100%        3
 Vampiric Draining        Necr           0%         2d6       100%        3
 Agony                    Necr           0%         N/A       100%        5


Dungeon Overview and Level Annotations

Branches:
Dungeon (5/15)
 Temple: D:4-7

Altars:
Okawaru


Innate Abilities, Weirdness & Mutations

You are occasionally teleported next to monsters.
You have hidden genetic defects.


Message History

You closely miss the scorpion.
The scorpion is moderately wounded.
You feel sick.
The scorpion stings you but does no damage.
The scorpion barely misses you.
You slash the scorpion!
The scorpion is severely wounded.
You feel sick. The scorpion stings you. x2
You hit the scorpion but do no damage.
The scorpion is severely wounded.
You feel sick. You block the scorpion's attack.
You hit the scorpion but do no damage.
The scorpion is severely wounded.
You feel sick. You block the scorpion's attack.
The scorpion stings you but does no damage.
Unknown command.
You barely miss the scorpion.
The scorpion is severely wounded.
You feel sick.
You are no longer poisoned.
The centaur shoots an arrow.
The arrow hits you but does no damage.
The scorpion stings you but does no damage.
The centaur shoots an arrow.
The arrow hits you! You block the scorpion's attack.
You hit the scorpion but do no damage.
The scorpion is heavily wounded.
The centaur shoots an arrow.
The arrow hits you.
The scorpion stings you but does no damage.
You slash the scorpion!
You kill the scorpion!
Okawaru accepts your kill.
You hear the rusting of a very distant drain.
The centaur shoots an arrow.
The arrow hits you!
* * * LOW HITPOINT WARNING * * *
You feel your strength returning.
Unknown command.
The centaur shoots an arrow.
The arrow hits you.
* * * LOW HITPOINT WARNING * * *
The centaur shoots an arrow.
The arrow hits you!
You die...

....>....## #<
......#..#.##...# ##
.......##..#...#
.......#....#### #
##...........# ..
#........#..####
...##..c..#.#.##..##
.....$.............#
#......@..........##
#..........##.....#
##....†..........##
#.........###...#
#..######## #.###
### ###


You could see a centaur.

Vanquished Creatures
  A centaur (D:5)
  A scorpion (D:5)
  An orc priest (D:3)
  An orc wizard (D:5)
  4 gnolls (D:3)
  2 adders
  A white imp (D:5)
  A worm (D:2)
  3 dart slugs
  4 orcs
  7 ball pythons
  3 bats
  3 endoplasms
  10 goblins
  3 hobgoblins
  4 jackals
  3 quokkas
  5 frilled lizards
  5 kobolds
  4 rats
66 creatures vanquished.

Notes
Turn   | Place    | Note
-------+----------+-------------------------------------------
     0 | D:1      | Arctor the Human Fighter began the quest for the Orb.
     0 | D:1      | Reached XP level 1. HP: 18/18 MP: 1/1
   178 | D:1      | Reached XP level 2. HP: 24/24 MP: 2/2
   232 | D:1      | Found a faded altar of an unknown god.
   406 | D:1      | Reached XP level 3. HP: 27/29 MP: 3/3
   653 | D:1      | Prayed at the altar of an unknown god.
   653 | D:1      | Became a worshipper of Warmaster Okawaru
   653 | D:1      | Reached * piety under Okawaru
  1147 | D:2      | Reached XP level 4. HP: 35/35 MP: 4/4
  1616 | D:3      | Reached XP level 5. HP: 42/42 MP: 5/5
  2687 | D:5      | Entered Level 5 of the Dungeon
  2696 | D:5      | Noticed a centaur
  2710 | D:5      | Killed a centaur
  2711 | D:5      | Reached XP level 6. HP: 39/48 MP: 6/6
  2760 | D:5      | Noticed a hornet
  2761 | D:5      | Noticed an ogre
  2850 | D:4      | Gained mutation: You have hidden genetic potential. [potion
                  | of mutation]
  2850 | D:4      | Lost mutation: You have hidden genetic potential. [potion
                  | of mutation]
  2850 | D:4      | Gained mutation: You have sharp toenails. [potion of
                  | mutation]
  2872 | D:4      | Lost mutation: You have sharp toenails. [potion of
                  | mutation]
  2872 | D:4      | Gained mutation: You are occasionally teleported next to
                  | monsters. [potion of mutation]
  2872 | D:4      | Gained mutation: You have hidden genetic defects. [potion
                  | of mutation]
  2946 | D:5      | Shot with an arrow by a centaur

Illustrated notes

Levels and vault maps discovered:
D:1:      minmay_arrival_jagged, layout_basic, basic_ecumenical_altar
D:2:      layout_loops_ring, nicolae_concentric_dashed_squares_mild,
          moated_statue, serial_bayou_pond_d, hangedman_decor_points
D:3:      layout_basic, minmay_splitting_lines
D:4:      layout_loops_cross
D:5:      layout_cave_pools, lemuel_crystal_altar, portal_sewer_entry_e

Skill      XL: |  1  2  3  4  5 |
---------------+----------------+-----
Axes           | 3 |  3.6
Fighting       | 4 |  4.3
Armour         | 4 |  4.2
Shields        | 4 |  4.3
Ranged Weapons | |  0.8

Action                     |  1- 3 |  4- 6 || total
---------------------------+-------+-------++-------
  Melee: War axe           |   102 |   105 ||   207
    Use: Scroll            |       |    12 ||    12
         Potion            |       |    10 ||    10
 Armour: Scale mail        |    44 |    31 ||    75
         Plate armour      |       |    74 ||    74
  Dodge: Dodged            |    58 |    52 ||   110
  Block: Buckler           |    20 |    46 ||    66
